 Dungeon Crawl Stone Soup version 0.29-a0-821-g66395355a5 (webtiles) character file.

Game seed: 4732791966772990661

140341 Brotato the Warrior (level 16, -19/141 HPs)
             Began as a Demonspawn Brigand on July 7, 2022.
             Was an Initiate of Gozag.
             Demolished by an entropy weaver simulacrum (29 damage)
             ... on level 3 of the Spider Nest.
             The game lasted 01:36:35 (25065 turns).

Brotato the Warrior (Demonspawn Brigand)           Turns: 25065, Time: 01:36:36

Health: -19/141    AC: 23    Str: 12      XL:     16   Next: 75%
Magic:  16/16      EV: 18    Int: 14      God:    Gozag
Gold:   5243       SH: 25    Dex: 36 (37) Spells: 15/15 levels left

rFire   + . .      SeeInvis .   q - +7 dagger of Hacking and Slashing {venom, *Corrode rElec rF+}
rCold   . . .      Faith    .   t - +4 tower shield {AC+3}
rNeg    . . .      Spirit   .   n - +3 scale mail of Light {Regen+ Dex+6 Stlth+}
rPois   .          Reflect  .   j - +2 hat {Will+}
rElec   +          Harm     .   h - +1 cloak {rCorr}
rCorr   +          Rampage  .   V - +0 pair of gloves
Will    ++...                   (boots unavailable)
Stlth   ++++++....              r - amulet "Nober" {Regen+ Dex+4}
HPRegen 1.93/turn               O - +4 ring of slaying
MPRegen 0.15/turn               U - ring "Qautt" {Dex+6 Slay+2}

@: gold aura, studying Dodging
A: hooves 3, icy blue scales 1, ignite blood 2, demonic magic 2, screaming 1,
electricity resistance
a: Renounce Religion, Potion Petition, Call Merchant, Bribe Branch


You were on level 3 of the Spider Nest.
You worshipped Gozag.
Gozag was greatly pleased with you.
You visited 5 branches of the dungeon, and saw 27 of its levels.
You also visited: Ice Cave.

You collected 11488 gold pieces.
You spent 3538 gold pieces at shops.
You paid 2707 gold pieces to Gozag.

Inventory:

Hand Weapons
 q - the +7 dagger of Hacking and Slashing (weapon) {venom, *Corrode rElec rF+}
   (You found it on level 3 of the Dungeon)

   It poisons the flesh of those it strikes.
   rF:        It protects you from fire.
   rElec:     It insulates you from electricity.
   *Corrode:  It may corrode you when you take damage.
 y - a +0 demon blade of flaming
 P - a +4 dagger
 X - the +8 dagger "Deepyse" {flame, rN+ Str+4 Int-2 Dex+4}
   (You bought it in a shop on level 11 of the Dungeon)

   It burns those it strikes, dealing additional fire damage.
   Str:       It affects your strength (+4).
   Int:       It affects your intelligence (-2).
   Dex:       It affects your dexterity (+4).
   rN:        It protects you from negative energy.
Missiles
 d - 35 poisoned darts (quivered)
 e - 8 curare-tipped darts
 s - 11 throwing nets
Armour
 h - a +1 cloak of preservation (worn)
 j - a +2 hat of willpower (worn)
 n - the +3 scale mail of Light (worn) {Regen+ Dex+6 Stlth+}
   (You found it on level 2 of the Dungeon)

   Dex:       It affects your dexterity (+6).
   Regen:     It increases your rate of health regeneration.
   Stlth:     It makes you more stealthy.
 t - a +4 tower shield of protection (worn)
 K - a +1 kite shield of cold resistance
 V - a +0 pair of gloves (worn)
 Y - the +4 skin of Zhor {*Englaciate rC+++ SInv}
   (You bought it in a shop on level 11 of the Dungeon)

   It radiates cold, occasionally slowing all nearby creatures who are not
   resistant to cold.
   rC:        It renders you almost immune to cold.
   SInv:      It lets you see invisible.
Jewellery
 r - the amulet "Nober" (around neck) {Regen+ Dex+4}
   (You acquired it on level 5 of the Lair of Beasts)

   [amulet of regeneration]

   Dex:       It affects your dexterity (+4).
   Regen:     It increases your rate of health regeneration.
 O - a +4 ring of slaying (left hand)
 U - the ring "Qautt" (right hand) {Dex+6 Slay+2}
   (You found it on level 9 of the Dungeon)

   [ring of dexterity]

   Dex:       It affects your dexterity (+6).
   Slay:      It affects your accuracy & damage with ranged weapons and melee
   (+2).
 W - an amulet of reflection
 Z - a ring of positive energy
Wands
 c - a wand of charming (16)
 g - a wand of digging (18)
 l - a wand of flame (54)
 z - a wand of mindburst (25)
 F - a wand of roots (23)
 H - a wand of quicksilver (16)
Scrolls
 i - 5 scrolls of poison
 k - 4 scrolls of enchant armour
 o - a scroll of silence
 p - 2 scrolls of fear
 u - 11 scrolls of fog
 v - 2 scrolls of amnesia
 w - 8 scrolls of blinking
 J - a scroll of summoning
 L - 10 scrolls of teleportation
 R - a scroll of magic mapping
Potions
 b - 18 potions of curing
 f - 5 potions of invisibility
 m - 3 potions of might
 x - 3 potions of berserk rage
 A - 4 potions of lignification
 B - 2 potions of resistance
 C - 10 potions of mutation
 D - 3 potions of flight
 E - 3 potions of magic
 G - 3 potions of cancellation
 I - 5 potions of ambrosia
 Q - 5 potions of haste
 T - 6 potions of heal wounds
Miscellaneous
 a - a box of beasts
 M - a condenser vane
 S - a phantom mirror


   Skills:
 * Level 17.0 Fighting
 + Level 11.4 Short Blades
 - Level 2.0 Throwing
 + Level 12.3 Armour
 + Level 12.4 Dodging
 + Level 12.7 Stealth
 * Level 8.0 Shields


You had 15 spell levels left.
You didn't know any spells.
Your spell library contained the following spells:

 Spells                   Type           Power      Damage    Failure   Level
 Apportation              Tloc           0%         N/A       100%        1
 Foxfire                  Conj/Fire      0%         2x1d4     100%        1
 Necrotise                Necr           0%         1d4       100%        1
 Sandblast                Erth           0%         2d4       100%        1
 Slow                     Hex            0%         N/A       100%        1
 Summon Small Mammal      Summ           0%         N/A       100%        1
 Blink                    Tloc           0%         N/A       100%        2
 Ensorcelled Hibernation  Hex/Ice        0%         N/A       100%        2
 Passwall                 Tmut/Erth      0%         N/A       100%        2
 Static Discharge         Conj/Air       0%         3-3/arc   100%        2
 Confusing Touch          Hex            0%         N/A       100%        3
 Conjure Flame            Conj/Fire      0%         6-21      100%        3
 Ignite Poison            Fire/Tmut/Pois 0%         N/A       100%        3
 Inner Flame              Hex/Fire       0%         N/A       100%        3
 Lesser Beckoning         Tloc           0%         N/A       100%        3
 Stone Arrow              Conj/Erth      0%         3d7       100%        3
 Swiftness                Air            0%         N/A       100%        3
 Tukima's Dance           Hex            0%         N/A       100%        3
 Vampiric Draining        Necr           0%         2d6       100%        3
 Animate Armour           Summ/Erth      0%         N/A       100%        4
 Dispel Undead            Necr           0%         3d6       100%        4
 Flame Wave               Conj/Fire      0%         2d4       100%        4
 Passage of Golubria      Tloc           0%         N/A       100%        4
 Sticky Flame             Conj/Fire      0%         2d3       100%        4
 Manifold Assault         Tloc           0%         N/A       100%        5
 Summon Forest            Summ/Tloc      0%         N/A       100%        5
 Summon Mana Viper        Hex/Summ       0%         N/A       100%        5
 Yara's Violent Unravell  Hex/Tmut       0%         3d3       100%        5
 Death Channel            Necr           0%         N/A       100%        6
 Dispersal                Tloc           0%         N/A       100%        6
 Summon Cactus Giant      Summ           0%         N/A       100%        6
 Disjunction              Tloc           0%         N/A       100%        8
 Infestation              Necr           0%         N/A       100%        8
 Lehudib's Crystal Spear  Conj/Erth      0%         10d2      100%        8
 Corpse Rot               Necr/Pois/Air  Unusable   N/A       N/A         4

Dungeon Overview and Level Annotations

Branches:
Dungeon (15/15)            Temple (1/1) D:4            Lair (6/6) D:11
 Shoals (0/4) Lair:2       Spider (2/4) Lair:3        Slime (0/5) Lair:6
    Orc (2/2) D:9             Elf (0/3) Orc:2        Vaults (0/5) D:13
 Depths (0/4) D:15          IceCv (visited)

Altars:
Ashenzari
Cheibriados
Dithmenos
Fedhas
Gozag
Hepliaklqana
Kikubaaqudgha
Makhleb
Nemelex Xobeh
Okawaru
Qazlal
Ru
Sif Muna
Trog
Uskayaw
Vehumet
Wu Jian
Xom
Yredelemnul

Shops:
D:11 ((![:(*   D:12 (   D:15 =   Orc:1 ?   Orc:2 (???


Innate Abilities, Weirdness & Mutations

You have hooves in place of feet.
You are partially covered in icy blue scales. (AC +2)
Your demonic aura often causes spilled blood to erupt in flames.
Spells you cast may paralyse nearby enemies.
You occasionally shout uncontrollably at your foes.
You are resistant to electric shocks. (rElec)


Message History

You kick the culicivora!
The culicivora is almost dead.
The tarantella misses you. You block the culicivora's attack.
The entropy weaver simulacrum completely misses you.
The entropy weaver simulacrum closely misses you.
You block the entropy weaver simulacrum's attack.
The entropy weaver simulacrum hits you.
The entropy weaver simulacrum freezes you!!
You barely miss the tarantella.
The tarantella is almost dead.
You kill the culicivora!
You kill the tarantella!
The entropy weaver simulacrum hits you but does no damage. x2
You block the entropy weaver simulacrum's attack. x2
You see here 8 gold pieces.
You hit the entropy weaver simulacrum but do no damage.
You kick the entropy weaver simulacrum.
The entropy weaver simulacrum is severely damaged.
The entropy weaver simulacrum misses you.
You block the entropy weaver simulacrum's attack.
The entropy weaver simulacrum hits you but does no damage.
The entropy weaver simulacrum closely misses you.
You barely miss the entropy weaver simulacrum.
You kick the entropy weaver simulacrum.
The entropy weaver simulacrum is severely damaged.
The entropy weaver simulacrum misses you.
You block the entropy weaver simulacrum's attack.
The entropy weaver simulacrum closely misses you.
You block the entropy weaver simulacrum's attack.
The boulder beetle simulacrum bites you!
The boulder beetle simulacrum freezes you!!
You hit the boulder beetle simulacrum but do no damage.
You block the entropy weaver simulacrum's attack. x2
The entropy weaver simulacrum hits you.
The entropy weaver simulacrum freezes you!!!
* * * LOW HITPOINT WARNING * * *
The entropy weaver simulacrum hits you.
* * * LOW HITPOINT WARNING * * *
The entropy weaver simulacrum freezes you!!
You die...
Your body crumbles into a pile of gold.

....### .#
........##.##
............#
............##
.............#
.............##
.......$$$....#
....^..ZZ.$...#
......○@......#
...............#
...............#
#..............#
##.............#
##........#....
##############


You could see a boulder beetle simulacrum and an entropy weaver simulacrum.

Vanquished Creatures
  Gastronok (Lair:1)
  The ghost of buhh the Alchemist, an adept OpTm of Cheibriados (Spider:1)
  3 ghost moths (Spider:1)
  2 broodmothers
  A stone giant (D:15)
  Azrael (D:13)
  3 entropy weavers
  2 blizzard demons (IceCv)
  Harold (D:9)
  2 radroaches (Spider:1)
  3 hydras
  A jorogumo (Spider:1)
  9 two-headed ogres
  An ogre mage (D:15)
  3 boulder beetles
  3 catoblepae
  2 centaur warriors
  16 death yaks
  2 tengu warriors
  6 orc high priests
  Urug (D:13)
  Sonja (Lair:1)
  A fire crab (Lair:6)
  4 steelbarb worms (Spider:1)
  3 pharaoh ants
  A sun moth (Spider:1)
  7 spriggan simulacra (IceCv)
  An orb spider (Lair:3)
  A bog body (IceCv)
  2 lindwurms (Lair:4)
  12 orc knights
  An obsidian statue (IceCv)
  8 ugly things
  2 deep elf pyromancers
  A manticore (D:11)
  7 wolf spiders
  An orc sorcerer (Orc:2)
  4 cyclopes
  2 moths of wrath (Spider:1)
  A merfolk siren (Lair:2)
  9 elephants
  8 black mambas
  2 torpor snails (Spider:1)
  3 gargoyles
  9 cane toads
  7 yaktaurs (D:15)
  A rime drake (Lair:4)
  A komodo dragon (shapeshifter) (D:14)
  4 demonic crawlers
  3 unseen horrors
  3 kobold demonologists
  8 ice devils (IceCv)
  7 entropy weaver simulacra (IceCv)
  2 golden dragon simulacra (IceCv)
  15 komodo dragons
  6 freezing wraiths
  An anaconda simulacrum (IceCv)
  3 tengu conjurers (D:13)
  9 trolls
  7 tarantellas
  6 polar bears
  5 slime creatures
  9 hornets
  18 blink frogs
  9 jumping spiders
  2 shadows (D:10)
  4 dire elephant simulacra (IceCv)
  10 culicivoras
  3 vampires
  5 wyverns
  14 spriggans (Lair:6)
  4 fire elementals (D:13)
  5 wraiths
  4 basilisks
  37 yaks
  Eustachio (D:6)
  16 humans (D:13)
  11 redbacks
  2 steam dragons
  7 vampire mosquitoes
  Grum (Lair:1)
  3 minotaur simulacra (IceCv)
  A harpy simulacrum (IceCv)
  A warg (D:15)
  2 acid dragons
  4 hell hounds (D:13)
  24 water moccasins
  A swamp drake (D:9)
  A sky beast (D:5)
  48 orc warriors
  5 black bears
  3 boggarts (Lair:6)
  3 alligator simulacra (IceCv)
  8 ogres
  6 centaurs
  26 wolves
  2 phantoms
  3 kobold brigands
  11 bullfrogs
  4 necrophages
  4 scorpions
  5 gnoll sergeants
  4 deep troll simulacra (IceCv)
  9 wights
  3 lindwurm simulacra (IceCv)
  10 killer bees
  3 howler monkeys
  An electric eel (Lair:5)
  4 jellies
  32 orc priests
  3 gnoll boudas (D:8)
  13 hounds
  10 hell rats
  7 iguanas
  20 orc wizards
  36 gnolls
  9 adders
  2 white imps
  2 ufetubi
  2 worms
  4 dart slugs
  98 orcs
  9 ball pythons
  3 bats
  8 endoplasms
  3 giant cockroaches (D:2)
  6 goblins
  7 hobgoblins
  2 jackals (D:8)
  4 quokkas
  3 frilled lizards
  20 kobolds
  3 rats
  A butterfly (Lair:1)
911 creatures vanquished.

Vanquished Creatures (others)
  A minotaur (D:1)
  An octopode (D:1)
  2 elves (D:1)
  A troll (D:1)
  A spriggan (D:1)
  A human (D:1)
  A demigod (D:1)
  2 felids (D:1)
  An orc wizard (D:15)
  2 gnolls
  A kobold (D:1)
  2 bushes (Lair:6)
  40 fungi
  94 plants
  5 tentacles (D:1)
155 creatures vanquished.

Grand Total: 1066 creatures vanquished

Notes
Turn   | Place    | Note
-------+----------+-------------------------------------------
     0 | D:1      | Brotato the Demonspawn Brigand began the quest for the Orb.
     0 | D:1      | Reached XP level 1. HP: 16/16 MP: 1/1
     0 | D:1      | Noticed a spriggan
     0 | D:1      | Noticed a troll
     0 | D:1      | Noticed an elf
     0 | D:1      | Noticed a demigod
     0 | D:1      | Noticed an octopode
     0 | D:1      | Noticed a human
     0 | D:1      | Noticed a kraken
     0 | D:1      | Noticed an elf
     0 | D:1      | Noticed a minotaur
     0 | D:1      | Noticed a felid
     0 | D:1      | Noticed a felid
     3 | D:1      | Killed an octopode
     5 | D:1      | Killed a troll
     6 | D:1      | Killed a human
     6 | D:1      | Killed a felid
     8 | D:1      | Killed an elf
    10 | D:1      | Killed a spriggan
    10 | D:1      | Killed an elf
    14 | D:1      | Killed a demigod
    16 | D:1      | Killed a felid
    18 | D:1      | Killed a minotaur
    43 | D:1      | Reached skill level 1 in Dodging
   453 | D:1      | Gained mutation: You have large cloven feet. [demonic
                  | ancestry]
   453 | D:1      | Reached XP level 2. HP: 22/22 MP: 2/2
  1253 | D:2      | Identified the +3 scale mail of Light {Regen+ Dex+6 Stlth+}
  1311 | D:2      | Reached XP level 3. HP: 28/28 MP: 3/3
  2080 | D:3      | Identified the +7 dagger of Hacking and Slashing {venom,
                  | *Corrode rElec rF+}
  2139 | D:3      | Reached skill level 1 in Armour
  2225 | D:3      | Gained mutation: Your demonic aura sometimes causes spilled
                  | blood to erupt in flames. [demonic ancestry]
  2225 | D:3      | Reached XP level 4. HP: 34/34 MP: 4/4
  2399 | D:3      | Found a snail-covered altar of Cheibriados.
  2507 | D:4      | Found a staircase to the Ecumenical Temple.
  2508 | D:4      | Noticed a phantom
  2520 | D:4      | Killed a phantom
  2521 | D:4      | Reached skill level 3 in Fighting
  2521 | D:4      | Gained mutation: You are partially covered in icy blue
                  | scales. (AC +2) [demonic ancestry]
  2521 | D:4      | Reached XP level 5. HP: 39/41 MP: 5/5
  2532 | Temple   | Entered the Ecumenical Temple
  2643 | Temple   | Became a worshipper of Gozag Ym Sagoz the Greedy
  2730 | D:4      | Found a hide-covered altar of Uskayaw.
  3505 | D:5      | Entered Level 5 of the Dungeon
  3520 | D:5      | Reached XP level 6. HP: 47/48 MP: 6/6
  3524 | D:5      | Reached skill level 4 in Fighting
  3583 | D:5      | Noticed a yak
  3583 | D:5      | Noticed a yak
  3587 | D:5      | Noticed a yak
  3594 | D:5      | Noticed a yak
  3609 | D:5      | Killed a yak
  3662 | D:5      | Killed a yak
  3663 | D:5      | Reached XP level 7. HP: 37/55 MP: 7/7
  3672 | D:5      | Killed a yak
  3675 | D:5      | Killed a yak
  3676 | D:5      | Reached skill level 5 in Fighting
  3795 | D:5      | Reached skill level 5 in Stealth
  3795 | D:5      | Reached XP level 8. HP: 62/62 MP: 8/8
  4130 | D:6      | Found a bloodstained altar of Trog.
  4145 | D:6      | Reached skill level 6 in Fighting
  4173 | D:6      | Reached skill level 5 in Armour
  4309 | D:6      | Noticed Eustachio
  4314 | D:6      | Killed Eustachio
  4359 | D:6      | Reached XP level 9. HP: 67/71 MP: 9/9
  4650 | D:6      | Found a stormy altar of Qazlal.
  4904 | D:6      | Reached skill level 7 in Fighting
  5587 | D:7      | Reached skill level 5 in Short Blades
  6180 | D:7      | Gained mutation: Spells you cast may paralyse adjacent
                  | enemies. [demonic ancestry]
  6180 | D:7      | Reached XP level 10. HP: 80/80 MP: 10/10
  6286 | D:7      | Reached skill level 8 in Fighting
  6420 | D:7      | Reached skill level 5 in Dodging
  7226 | D:8      | Got the Octavo of Evil Enchantment
  7397 | D:9      | Paralysed by a hornet for 1 turns
  7438 | D:9      | Noticed a two-headed ogre
  7472 | D:9      | Killed a two-headed ogre
  7473 | D:9      | Reached skill level 9 in Fighting
  7716 | D:9      | Found a staircase to the Orcish Mines.
  7852 | D:9      | Noticed Harold
  7857 | D:9      | Identified the ring "Qautt" {Dex+6 Slay+2}
  7865 | D:9      | Killed Harold
  7955 | D:9      | Reached XP level 11. HP: 77/89 MP: 11/11
  8301 | D:10     | Entered Level 10 of the Dungeon
  8495 | D:10     | Found a shimmering altar of Xom.
  8496 | D:10     | Found a blossoming altar of Fedhas.
  9144 | D:11     | Found Gugusiud's Weapon Boutique.
  9147 | D:11     | Bought the +8 dagger "Deepyse" {flame, rN+ Str+4 Int-2
                  | Dex+4} for 674 gold pieces
  9187 | D:11     | Reached skill level 10 in Fighting
  9242 | D:11     | Found a staircase to the Lair.
  9264 | D:11     | Found Pagiafop's Book Boutique.
  9266 | D:11     | Found Gyfavut's Weapon Boutique.
  9267 | D:11     | Noticed a boulder beetle
  9272 | D:11     | Killed a boulder beetle
  9347 | D:11     | Found Kusiqaju's Antique Armour Shoppe.
  9429 | D:11     | Found Apor's General Store.
  9452 | D:11     | Bought the +4 skin of Zhor {*Englaciate rC+++ SInv} for 864
                  | gold pieces
  9452 | D:11     | Found the +4 skin of Zhor {*Englaciate rC+++ SInv}
  9482 | D:11     | Bought a potion of haste for 130 gold pieces
  9482 | D:11     | Bought a scroll of blinking for 97 gold pieces
  9559 | D:11     | Noticed a two-headed ogre
  9564 | D:11     | Killed a two-headed ogre
  9574 | D:11     | Noticed a two-headed ogre
  9574 | D:11     | Noticed a purple ugly thing
  9577 | D:11     | Killed a purple ugly thing
  9581 | D:11     | Killed a two-headed ogre
 10004 | Lair:1   | Entered Level 1 of the Lair of Beasts
 10049 | Lair:1   | Reached skill level 11 in Fighting
 10125 | Lair:1   | Noticed Gastronok
 10134 | Lair:1   | Killed Gastronok
 10135 | Lair:1   | Gained mutation: You have hoof-like feet. [demonic
                  | ancestry]
 10135 | Lair:1   | Reached XP level 12. HP: 100/100 MP: 12/12
 10151 | Lair:1   | Noticed Sonja
 10160 | Lair:1   | Killed Sonja
 10210 | Lair:1   | Noticed Grum
 10222 | Lair:1   | Killed Grum
 10774 | Lair:2   | Found a staircase to the Shoals.
 11142 | Lair:2   | Noticed a death yak
 11162 | Lair:2   | Killed a death yak
 11181 | Lair:2   | Noticed a death yak
 11181 | Lair:2   | Noticed a death yak
 11205 | Lair:2   | Killed a death yak
 11208 | Lair:2   | Killed a death yak
 11209 | Lair:2   | Reached skill level 12 in Fighting
 11840 | Lair:3   | Found a hole to the Spider Nest.
 12041 | Lair:3   | You fall into a shaft and drop 2 floors!
 12299 | Lair:3   | Noticed a catoblepas
 12301 | Lair:3   | Killed a catoblepas
 12312 | Lair:3   | Noticed a death yak
 12312 | Lair:3   | Noticed a death yak
 12321 | Lair:3   | Killed a death yak
 12327 | Lair:3   | Killed a death yak
 12328 | Lair:3   | Gained mutation: You have hooves in place of feet. [demonic
                  | ancestry]
 12328 | Lair:3   | Reached XP level 13. HP: 103/109 MP: 13/13
 12737 | Lair:4   | Identified a scroll of acquirement
 12870 | Lair:4   | Reached skill level 10 in Armour
 12875 | Lair:4   | Reached skill level 13 in Fighting
 12951 | Lair:4   | Found a sparkling altar of Nemelex Xobeh.
 13059 | Lair:4   | Reached skill level 10 in Stealth
 13675 | Lair:5   | Acquired 610 gold pieces
 13679 | Lair:5   | Acquired the amulet "Nober" {Regen+ Dex+4}
 14912 | Lair:6   | Entered Level 6 of the Lair of Beasts
 15097 | Lair:6   | Reached skill level 14 in Fighting
 15108 | Lair:6   | Gained mutation: Spells you cast may paralyse nearby
                  | enemies. [demonic ancestry]
 15108 | Lair:6   | Reached XP level 14. HP: 86/120 MP: 14/14
 15400 | Lair:6   | Found a staircase to the Slime Pits.
 15428 | Lair:6   | Found a sparkling altar of Nemelex Xobeh.
 15958 | Lair:6   | Reached skill level 10 in Short Blades
 16480 | D:11     | Bought a throwing net for 39 gold pieces
 16482 | D:11     | Bought a glowing tower shield for 217 gold pieces
 16491 | D:11     | Bought a potion of ambrosia for 120 gold pieces
 16491 | D:11     | Bought 2 potions of cancellation for 240 gold pieces
 16491 | D:11     | Bought a potion of resistance for 150 gold pieces
 16520 | D:11     | Bought 3 poisoned darts for 12 gold pieces
 16627 | D:12     | Found Ehyow's Antique Weapon Emporium.
 16711 | D:12     | Acquired a manual of Dodging
 16715 | D:12     | Acquired 1264 gold pieces
 16984 | D:12     | Reached skill level 15 in Fighting
 16984 | D:12     | Reached skill level 1 in Shields
 17351 | D:13     | Reached skill level 10 in Dodging
 17410 | D:13     | Found a gate to the Vaults.
 17592 | D:13     | Noticed Urug
 17598 | D:13     | Killed Urug
 17734 | D:13     | Gained mutation: Your demonic aura often causes spilled
                  | blood to erupt in flames. [demonic ancestry]
 17734 | D:13     | Reached XP level 15. HP: 85/129 MP: 15/15
 17854 | D:13     | Noticed Azrael
 17887 | D:13     | Killed Azrael
 18480 | Orc:1    | Entered Level 1 of the Orcish Mines
 18480 | Orc:1    | Found Nufiotho's Magic Scroll Emporium.
 18483 | Orc:2    | Entered Level 2 of the Orcish Mines
 18652 | Orc:1    | Bought a scroll of teleportation for 45 gold pieces
 18652 | Orc:1    | Bought a scroll of silence for 112 gold pieces
 19172 | Orc:2    | Found a staircase to the Elven Halls.
 20033 | Orc:2    | Found Plog's Magic Scroll Shop.
 20034 | Orc:2    | Found Omorcha's Magic Scroll Boutique.
 20034 | Orc:2    | Found Baatzigeg's Magic Scroll Shop.
 20035 | Orc:2    | Found Omuust's Weapon Shop.
 20042 | Orc:2    | Bought a scroll of summoning for 142 gold pieces
 20042 | Orc:2    | Bought a scroll of teleportation for 45 gold pieces
 20045 | Orc:2    | Bought a scroll of enchant armour for 112 gold pieces
 20050 | Orc:2    | Bought a scroll of teleportation for 33 gold pieces
 20050 | Orc:2    | Bought a scroll of enchant weapon for 82 gold pieces
 20052 | Orc:2    | Bought a scroll of enchant weapon for 120 gold pieces
 20052 | Orc:2    | Bought a scroll of fog for 32 gold pieces
 20052 | Orc:2    | Bought a scroll of teleportation for 48 gold pieces
 20300 | Orc:1    | Bought a scroll of enchant armour for 112 gold pieces
 20300 | Orc:1    | Bought a scroll of enchant armour for 112 gold pieces
 21010 | D:14     | Identified the +0 pair of boots "Meypnih" {rCorr}
 21135 | D:14     | Found a frozen archway.
 21175 | IceCv    | Entered an ice cave
 21188 | IceCv    | Reached skill level 5 in Shields
 21377 | IceCv    | Reached skill level 16 in Fighting
 22403 | D:15     | Entered Level 15 of the Dungeon
 22430 | D:15     | Reached XP level 16. HP: 138/138 MP: 16/16
 22718 | D:15     | Found a staircase to the Depths.
 22875 | D:15     | Found a shimmering blue altar of Sif Muna.
 23166 | D:15     | Found Weotwa's Jewellery Shoppe.
 23382 | Spider:1 | Entered Level 1 of the Spider Nest
 23481 | Spider:1 | Gained mutation: You are resistant to electric shocks.
                  | (rElec) [mutagenic glow]
 23493 | Spider:1 | Gained mutation: You occasionally shout uncontrollably at
                  | your foes. [mutagenic glow]
 23779 | Spider:1 | Found a runed translucent gate.
 23779 | Spider:1 | Found a runed translucent gate.
 23779 | Spider:1 | Found a runed translucent gate.
 23796 | Spider:1 | Noticed buhh's ghost (adept OpTm)
 23831 | Spider:1 | Killed buhh's ghost
 24894 | Spider:2 | Reached skill level 17 in Fighting
 25025 | Spider:2 | You fall into a shaft and drop 1 floor!
 25065 | Spider:3 | Demolished by an entropy weaver simulacrum

Illustrated notes

Levels and vault maps discovered:
D:1:      nicolae_arrival_kraken_aquarium_a, layout_basic, st_stairs_7,
          minmay_misc_feat_x
D:2:      layout_loops_corners
D:3:      layout_basic, lemuel_doored_altar
D:4:      layout_basic, nicolae_overflow_crystal_walls,
          minmay_temple_entry_glass
D:5:      layout_rooms
D:6:      layout_loops_corners, trog_butcher_becter,
          nicolae_qazlal_eye_of_the_storm, uniq_eustachio
D:7:      layout_rooms
D:8:      layout_cave_pools, serial_gnoll_camp, gnoll_camp_mini_hut,
          gnoll_camp_mini_doghouse, gnoll_camp_mini_doghouse,
          gnoll_camp_mini_hut, gnoll_camp_medium_02
D:9:      layout_roguey, erik_orc_1, uniq_harold
D:10:     layout_basic, gammafunk_temple_overflow_statue
D:11:     cheibrodos_barr_body, layout_gridville, dpeg_oklobed_lair,
          serial_shops, kennysheep_mini_moat, nicolae_shop_trees,
          nicolae_stop_n_shop_1, nicolae_lakefront_shop,
          nicolae_take_the_stairs, kennysheep_just_a_vault
D:12:     layout_basic, special_room [special_room_orc], serial_shops,
          nicolae_shop_window_shopping, evilmike_minifort
D:13:     layout_long_grid, david_vaults_3, st_stairs_14,
          dreamdust_mushroom_princess, minmay_misc_feat_more_columns, uniq_urug,
          uniq_azrael
D:14:     layout_rooms, nicolae_figureground_sparkle,
          portal_ice_cave_entry_frozen_things, hangedman_decor_peaks_small
D:15:     grunt_enter_depths_giant_problem, layout_loops_ring,
          minmay_shop_enchanted_jewellery, led_sif_book
Temple:   kb_temple_of_zot
Lair:1:   layout_misc_corridors, lemuel_fruit_fields, lemuel_fruit_tree,
          grunt_megastairs_2, infiniplex_staircase_pool_2, uniq_sonja,
          uniq_gastronok, uniq_grum
Lair:2:   layout_chaotic_city, minmay_shoals_entry_lonely_mermaid
Lair:3:   nzn_winding_woodlands_medium [nzn_winding_woodlands_5x5_checkerboard,
          nzn_winding_woodlands_5x15_crooked, nzn_winding_woodlands_5x5_three,
          nzn_winding_woodlands_5x5_cross, nzn_winding_woodlands_center_lodge,
          nzn_winding_woodlands_5x5_perimeter,
          nzn_winding_woodlands_5x5_closed_star,
          nzn_winding_woodlands_5x15_pockets,
          nzn_winding_woodlands_5x5_open_star], layout_cave_shapes,
          nicolae_spider_entry_orb_guardian
Lair:4:   layout_roguey, lemuel_centaur_altar
Lair:5:   layout_layer_cave, serial_bayou_ford_a, guppyfry_lair_drakes
Lair:6:   minmay_lair_end_enchanted_forest, layout_long_grid,
          nicolae_slime_entry_slimehenge, serial_forest, infiniplex_forest_join,
          infiniplex_forest_lined_room_, infiniplex_forest_zigzag_1,
          infiniplex_forest_straight_2, infiniplex_forest_lined_corner,
          infiniplex_forest_straight_2, infiniplex_forest_straight_3,
          basic_altar, nicolae_lair_yak_garden
Spider:1: nicolae_spider_hilbert_zone_2 [nicolae_spider_hilbert_4_sides_1_open,
          nicolae_spider_hilbert_4_sides_1_open,
          nicolae_spider_hilbert_4_sides_1_open,
          nicolae_spider_hilbert_4_sides_1_open,
          nicolae_spider_hilbert_6_sides_1_open,
          nicolae_spider_hilbert_6_sides_1_open,
          nicolae_spider_hilbert_3_sides_1_open,
          nicolae_spider_hilbert_3_sides_1_open,
          nicolae_spider_hilbert_3_sides_1_open,
          nicolae_spider_hilbert_3_sides_1_open,
          nicolae_spider_hilbert_6_sides_1_open,
          nicolae_spider_hilbert_6_sides_1_open,
          nicolae_spider_hilbert_6_sides_1_open,
          nicolae_spider_hilbert_6_sides_1_open], ebering_ghost_rock_garden
Spider:2: layout_spider_delve, hellmonk_motheaten_closet
Spider:3: layout_cave_pods
Orc:1:    layout_caves, serial_shops, shop, kennysheep_orc_chapel
Orc:2:    st_orc_pillars, layout_caves

Skill      XL: |  1  2  3  4  5  6  7  8  9 10 11 12 13 14 15 16 |
---------------+-------------------------------------------------+-----
Dodging        | 1 2 3 4 5 7 8 9 10 11 12 | 12.4
Short Blades   | 2 3 4 5 6 7 8 9 10 11 | 11.4
Throwing       | 2 |  2.0
Armour         | 1 2 3 4 5 6 8 9 10 11 12 | 12.3
Fighting       | 3 4 5 6 7 9 11 12 14 15 16 17 | 17.0
Stealth        | 4 5 6 7 8 9 10 11 12 | 12.7
Shields        | 2 6 8 |  8.0

Action                   |  1- 3 |  4- 6 |  7- 9 | 10-12 | 13-15 | 16-18 || total
-------------------------+-------+-------+-------+-------+-------+-------++-------
Melee: Dagger            |   104 |    49 |   266 |   567 |  1209 |   356 ||  2551
       Kick              |    13 |     4 |    84 |   239 |   563 |   198 ||  1101
       Punch             |     1 |       |     6 |    11 |     9 |       ||    27
       Demon blade       |       |       |       |       |    11 |       ||    11
Throw: Dart              |       |     7 |    31 |    31 |    10 |     3 ||    82
       Throwing net      |       |       |       |       |     5 |       ||     5
Invok: Call Merchant     |       |       |       |       |     3 |       ||     3
Evoke: Phantom mirror    |       |       |       |       |       |     1 ||     1
  Use: Potion            |       |     2 |       |       |     2 |       ||     4
       Scroll            |       |       |       |    21 |    16 |       ||    37
 Stab: Sleeping          |    14 |     5 |     9 |    27 |    48 |    17 ||   120
       Distracted        |       |       |       |     4 |    40 |     9 ||    53
       Confused          |       |       |       |     1 |       |       ||     1
       Petrifying        |       |       |       |       |     1 |       ||     1
       Petrified         |       |       |       |       |     1 |       ||     1
       Held in net/web   |       |       |       |       |     2 |       ||     2
Armor: Robe              |    10 |       |       |       |       |       ||    10
       Scale mail        |    18 |    19 |   153 |   162 |   193 |   100 ||   645
       Animal skin       |       |       |       |       |    36 |       ||    36
Dodge: Dodged            |    52 |    24 |   139 |   293 |   467 |   160 ||  1135
Block: Other             |       |       |       |    32 |    13 |       ||    45
       Reflection        |       |       |       |       |     5 |       ||     5
       Tower shield      |       |       |       |       |   618 |   361 ||   979

Table legend: (Time is in decaauts)
 A = Elapsed time spent in this place.
 B = Non-inter-level travel time spent in this place.
 C = Inter-level travel time spent in this place.
 D = Time resting spent in this place.
 E = Time spent auto-exploring this place.
 F = Levels seen in this place.
 G = Mean time per level.
                   A        B        C        D        E       F      G
               +--------+--------+--------+--------+--------+-----+--------+
         Total |  24554 |  22368 |   2186 |   1108 |  14125 |  28 |  876.9 |
       Dungeon |  13789 |  12313 |   1476 |    538 |   7984 |  15 |  919.3 |
        Temple |    142 |     93 |     49 |      0 |     80 |   1 |  142.0 |
          Lair |   6318 |   5882 |    436 |    140 |   3932 |   6 | 1053.0 |
   Spider Nest |   1646 |   1589 |     57 |    268 |    815 |   3 |  548.7 |
  Orcish Mines |   1800 |   1633 |    167 |    126 |    887 |   2 |  900.0 |
      Ice Cave |    857 |    857 |      0 |     35 |    426 |   1 |  857.0 |
               +--------+--------+--------+--------+--------+-----+--------+

Top non-repeatable levels by time:
  Lair:6: 1345 daAuts
Spider:1: 1336 daAuts
  Lair:5: 1304 daAuts
     D:1: 1282 daAuts
     D:6: 1239 daAuts
     D:9: 1194 daAuts
     D:8: 1127 daAuts
    D:13: 1083 daAuts
  Lair:4: 1031 daAuts
  Lair:3: 1007 daAuts
   Orc:2: 994 daAuts
    D:11: 993 daAuts
     D:4: 955 daAuts
    D:10: 941 daAuts
  Lair:2: 928 daAuts
